 Dungeon Crawl Stone Soup version 0.24.1-8-ga250c9d538 (webtiles) character file.

Game seed: 15347689712651153090, levelgen mode: deterministic

2766 H0rd4k the Cutter (level 10, -1/73 HPs)
             Began as a Human Artificer on May 5, 2020.
             Slain by a death yak (11 damage)
             ... while petrified by a basilisk
             ... on level 8 of the Dungeon.
             The game lasted 00:11:47 (6912 turns).

H0rd4k the Cutter (Human Artificer)                 Turns: 6912, Time: 00:11:48

Health: -1/73      AC: 10    Str: 16    XL:     10   Next: 1%
Magic:  13/13      EV:  2    Int: 12    God:
Gold:   324        SH:  0    Dex: 17    Spells: 9/9 levels left

rFire    . . .     SeeInvis .   B - +2 short sword of Vuutak {drain, rPois rC+ Dex+4 Stlth+}
rCold    + . .     Gourm    .   (no shield)
rNeg     + + +     Faith    .   n - +1 ring mail {rPois}
rPois    ∞         Spirit   .   (no helmet)
rElec    .         Reflect  .   (no cloak)
rCorr    .         Harm     .   (no gloves)
MR       .....                  (no boots)
Stlth    +++.......             (no amulet)
HPRegen  0.22/turn              w - +3 ring of protection
MPRegen  0.13/turn              c - +2 ring of evasion

@: petrified
A: no striking features
a: no special abilities


You were on level 8 of the Dungeon.
You were near starving.

You visited 2 branches of the dungeon, and saw 9 of its levels.

You collected 324 gold pieces.

Inventory:

Hand Weapons
 a - a +0 short sword
 B - the +2 short sword of Vuutak (weapon) {drain, rPois rC+ Dex+4 Stlth+}
   (You found it on level 4 of the Dungeon)

   A truly terrible weapon, it drains the life of those it strikes.
   It affects your dexterity (+4).
   It protects you from cold.
   It protects you from poison.
   It makes you more stealthy.
Missiles
 h - 39 poisoned darts (quivered)
Armour
 b - a +0 leather armour
 n - a +1 ring mail of poison resistance (worn)
Jewellery
 c - a +2 ring of evasion (right hand)
 p - an uncursed ring of wizardry
 u - a +2 ring of intelligence
 w - a +3 ring of protection (left hand)
 E - an uncursed amulet of faith {unknown}
Wands
 d - a wand of enslavement (8)
 e - a wand of random effects (13)
 r - a wand of iceblast (6)
 x - a wand of scattershot (1)
 C - a wand of disintegration (15)
Scrolls
 g - 6 scrolls of identify {unknown}
 i - 6 scrolls of enchant armour {unknown}
 q - a scroll of amnesia {unknown}
 v - a scroll of blinking {unknown}
 y - a scroll of teleportation {unknown}
 I - a scroll of immolation {unknown}
Potions
 j - 2 potions of curing
 k - 3 potions of agility
 l - 3 potions of flight {unknown}
 m - a potion of brilliance {unknown}
 o - a potion of invisibility {unknown}
 s - 2 potions of degeneration {unknown}
 t - 2 potions of mutation {unknown}
 z - a potion of berserk rage {unknown}
 A - a potion of lignification {unknown}
 D - a potion of heal wounds {unknown}
 F - a potion of might {unknown}
 G - a potion of ambrosia {unknown}
 H - a potion of magic {unknown}
Comestibles
 f - 8 rations


   Skills:
 + Level 4.8 Fighting
 + Level 7.7 Short Blades
 + Level 5.3 Armour
 + Level 5.8 Dodging
 + Level 3.8 Stealth
 + Level 4.4 Evocations


You had 9 spell levels left.
You didn't know any spells.
Your spell library contained the following spells:

 Spells                   Type           Power        Failure   Level  Hunger
 Freeze                   Ice            #...         52%         1    ##.....
 Throw Frost              Conj/Ice       #.....       65%         2    ###....
 Ozocubu's Armour         Chrm/Ice       #.......     87%         3    ####...
 Summon Ice Beast         Ice/Summ       #.......     99%         4    #####..
 Throw Icicle             Conj/Ice       #.......     99%         4    #####..


Dungeon Overview and Level Annotations

Branches:
Dungeon (8/15)             Temple (1/1) D:6            Lair (0/6) D:8

Altars:
Ashenzari
Cheibriados
Dithmenos
Elyvilon
Fedhas
Gozag
Hepliaklqana
Kikubaaqudgha
Makhleb
Nemelex Xobeh
Okawaru
Qazlal
Ru
Sif Muna
Trog
Uskayaw
Vehumet
Wu Jian
Xom
Yredelemnul
The Shining One
Jiyva

Annotations:
D:2 exclusion: downstairs
D:3 1 runed translucent door, exclusion: crimson imp


Message History

The leopard gecko bites you but does no damage.
The death yak closely misses you.
Your limbs are stiffening.
The elephant tramples you!
You hold your ground!
The elephant barely misses you.
You have turned to stone.
The leopard gecko bites you but does no damage.
The elephant tramples you!
You hold your ground!
The elephant trunk-slaps you but does no damage.
The death yak gores you!!
* * * LOW HITPOINT WARNING * * *
The elephant tramples you!
* * * LOW HITPOINT WARNING * * *
You hold your ground!
The elephant trunk-slaps you but does no damage.
The death yak gores you.
* * * LOW HITPOINT WARNING * * *
The basilisk gazes at you. You resist with some effort.
The elephant tramples you!
* * * LOW HITPOINT WARNING * * *
You hold your ground!
The elephant barely misses you. The death yak gores you!!
You die...

≈≈..#....##...
.....##.....
≈≈≈≈88....#..Y
...P..#.....
..............
....P..Z....
..............
.>...........
8≈≈≈≈≈88.....
......PP.......
..≈≈≈≈......# ......P.
#..... ..≈≈≈≈≈.....#
....... #.....
..≈≈≈≈≈.....####.....#
#.....
...≈≈≈≈......@Y....#
#.....
#≈≈≈≈≈.....Yll...+
#.....
#≈≈≈≈≈######.....#
#.....
#.≈≈≈≈.....#.....#
#.....
#.≈≈≈≈...).#.....#
#.<...
#.≈≈≈≈.....#.....#
#..... ..
#≈≈≈≈≈##...#.....#
#.....
..##≈≈≈≈≈####'#.....#
#.....
.....≈≈≈≈..#.[.#)....#
#.....


You could see a death yak, an elephant, a basilisk and a leopard gecko.

Vanquished Creatures
  A steam dragon (D:7)
  Menkaure (D:5)
  4 hounds
  A sky beast (D:7)
  An orc warrior (D:7)
  3 ice beasts
  4 ogres
  4 centaurs
  A bullfrog (D:7)
  A big kobold (D:8)
  Blork the orc (D:4)
  A gnoll sergeant (D:6)
  A scorpion (D:7)
  A water moccasin skeleton (D:6)
  2 vampire bats (D:4)
  A bullfrog zombie (D:8)
  A centaur zombie (D:6)
  2 crimson imps
  A jelly (D:6)
  An orc priest (D:7)
  2 orc wizards
  Jessica (D:3)
  A human skeleton (D:3)
  3 worker ants (D:7)
  A killer bee zombie (D:8)
  2 hound skeletons (D:4)
  A howler monkey zombie (D:5)
  A howler monkey skeleton (D:7)
  4 gnolls (D:6)
  9 adders
  2 oozes
  3 adder skeletons
  A worm (D:3)
  7 dart slugs
  3 leopard geckos
  12 orcs
  5 bats (D:1)
  5 bat skeletons (D:4)
  2 bat zombies (D:4)
  6 giant cockroaches
  2 goblins (D:1)
  5 hobgoblins
  4 quokkas
  6 frilled lizards
  A goblin zombie (D:3)
  A jackal skeleton (D:4)
  A jackal zombie (D:3)
  7 kobolds
  A leopard gecko skeleton (D:4)
  5 rats
137 creatures vanquished.

Vanquished Creatures (collateral kills)
  Sigmund (D:4)
  An orc wizard (D:7)
  5 orcs (D:7)
7 creatures vanquished.

Vanquished Creatures (others)
  An orc wizard (D:3)
  An adder (D:4)
  2 jackals (D:7)
4 creatures vanquished.

Grand Total: 148 creatures vanquished

Notes
Turn   | Place    | Note
-------+----------+-------------------------------------------
     0 | D:1      | H0rd4k the Human Artificer began the quest for the Orb.
     0 | D:1      | Reached XP level 1. HP: 15/15 MP: 3/3
   105 | D:1      | Reached XP level 2. HP: 13/21 MP: 4/4
   451 | D:1      | Reached XP level 3. HP: 9/26 MP: 5/5
  1159 | D:2      | Found a faded altar of an unknown god.
  1183 | D:2      | Reached skill level 1 in Armour
  1220 | D:2      | Reached XP level 4. HP: 17/32 MP: 6/6
  1710 | D:3      | Found a runed translucent door.
  1710 | D:3      | Noticed a human
  1729 | D:3      | Reached skill level 2 in Short Blades
  1730 | D:3      | Found a basalt altar of Yredelemnul.
  1816 | D:3      | Reached XP level 5. HP: 18/37 MP: 7/7
  2087 | D:3      | Noticed a centaur
  2565 | D:3      | Killed a centaur
  2565 | D:3      | Reached skill level 3 in Short Blades
  2565 | D:3      | Reached XP level 6. HP: 25/43 MP: 7/9
  2611 | D:3      | Noticed Jessica
  2755 | D:3      | Killed Jessica
  3201 | D:4      | Found a stormy altar of Qazlal.
  3289 | D:4      | Noticed Sigmund
  3345 | D:4      | Killed Sigmund
  3345 | D:4      | Reached XP level 7. HP: 21/49 MP: 10/10
  3530 | D:4      | You fall into a shaft and drop 2 floors!
  3606 | D:6      | Found a snail-covered altar of Cheibriados.
  3617 | D:5      | Entered Level 5 of the Dungeon
  3617 | D:5      | Noticed Menkaure
  3620 | D:5      | Killed Menkaure
  3620 | D:5      | Reached skill level 4 in Short Blades
  3701 | D:4      | Reached XP level 8. HP: 57/57 MP: 11/11
  3803 | D:4      | Found a hazy altar of Hepliaklqana.
  3954 | D:4      | Found an ancient bone altar of Kikubaaqudgha.
  4347 | D:4      | Noticed Blork the orc
  4352 | D:4      | Killed Blork the orc
  4546 | D:4      | Got a dazzling short sword
  4547 | D:4      | Identified the +2 short sword of Vuutak {drain, rPois rC+
                  | Dex+4 Stlth+} (You found it on level 4 of the Dungeon)
  4664 | D:5      | Reached skill level 5 in Short Blades
  4725 | D:5      | Found an iron altar of Okawaru.
  4766 | D:5      | Reached skill level 5 in Dodging
  4775 | D:5      | Found a shadowy altar of Dithmenos.
  5089 | D:6      | Reached XP level 9. HP: 11/64 MP: 12/12
  5420 | D:6      | Reached skill level 6 in Short Blades
  5657 | D:6      | Found a staircase to the Ecumenical Temple.
  5748 | Temple   | Entered the Ecumenical Temple
  5886 | D:7      | Found a blossoming altar of Fedhas.
  5903 | D:7      | Reached skill level 5 in Armour
  6141 | D:7      | Found a white marble altar of Elyvilon.
  6190 | D:7      | Reached skill level 7 in Short Blades
  6640 | D:7      | Found an opulent altar of Gozag.
  6641 | D:7      | Found a radiant altar of Vehumet.
  6744 | D:8      | Found a staircase to the Lair.
  6744 | D:8      | Noticed a death yak
  6886 | D:8      | Reached XP level 10. HP: 50/73 MP: 13/13
  6898 | D:8      | Noticed an elephant
  6912 | D:8      | Slain by a death yak

Levels and vault maps discovered:
D:1:      tarquinn_simple_flora_water_d, layout_basic
D:2:      layout_loops_cross, chequers_ecumenical_altar_island, first_ration
D:3:      layout_loops_ring, dk_yredelemnul_ordeal, uniq_jessica
D:4:      minmay_diamond_boxcup, layout_basic, lemuel_crystal_altar,
          nicolae_overflow_hidden_temple, kennysheep_vampire_church,
          hangedman_abyss_or_decor_stagger, uniq_sigmund, uniq_blork_the_orc
D:5:      layout_rooms, nicolae_dithmenos_shadow_blocks,
          nicolae_overflow_crystal_walls, uniq_menkaure
D:6:      layout_gridville, kennysheep_little_box, minmay_temple_entry_poolview,
          st_stairs_4
D:7:      layout_rooms, elyvilon_altar_4, minitemple, basic_altar
D:8:      wander_river, layout_gridville, david_lair_generic, tso_metal_star
Temple:   pf_slimified_temple

Skill      XL: |  1  2  3  4  5  6  7  8  9 |
---------------+----------------------------+-----
Armour         | 1 2 3 4 5 |  5.3
Short Blades   | 2 3 4 5 7 |  7.7
Dodging        | 3 4 5 |  5.8
Evocations     | 4 |  4.4
Fighting       | 2 3 4 |  4.8
Stealth        | 2 3 |  3.8

Action                   |  1- 3 |  4- 6 |  7- 9 | 10-12 || total
-------------------------+-------+-------+-------+-------++-------
Melee: Short sword       |   135 |   173 |   471 |       ||   779
Evoke: Wand              |     4 |    14 |    11 |       ||    29
  Use: Potion            |       |       |     2 |       ||     2
 Stab: Sleeping          |     3 |       |     5 |       ||     8
       Distracted        |       |       |     2 |       ||     2
  Eat: Chunk             |       |     8 |    10 |       ||    18
Armor: Leather armour    |    31 |     9 |       |       ||    40
       Ring mail         |       |    42 |   153 |     4 ||   199
Dodge: Dodged            |    90 |    81 |   343 |     6 ||   520
